 Dungeon Crawl Stone Soup version 0.17.2-1-ge4368a0 (webtiles) character file.

15182 Goblin1989 the Cleaver (level 12, 0/96 HPs)
             Began as a Formicid Berserker on July 24, 2018.
             Was a High Priest of Trog.
             Slain by a seven-headed hydra (8 damage)
             ... on level 1 of the Lair of Beasts on July 25, 2018.
             The game lasted 00:48:41 (13317 turns).

Goblin1989 the Cleaver (Formicid Berserker)        Turns: 13317, Time: 00:48:41

Health: 0/96       AC: 11    Str: 24    XL:     12   Next: 54%
Magic:  14/14      EV: 19    Int:  8    God:    Trog [*****.]
Gold:   365        SH: 12    Dex: 10    Spells: 0 memorised, 11 levels left

rFire  . . .     SeeInvis +     (no weapon)
rCold  + + .     Clarity  +     n - +2 ring mail {rC+}
rNeg   . . .     SustAt   .     M - +0 shield
rPois  .         Gourm    .     (helmet unavailable)
rElec  .         Spirit   .     j - +0 cloak
rCorr  .         Warding  .     (no gloves)
rMut   .         Stasis   +     g - +0 pair of boots
MR     +....                    y - amulet of clarity
Stlth  +.........               c - ring of protection from cold
                                i - +5 ring of evasion {=R}

@: somewhat resistant to hostile enchantments, very unstealthy
A: permanent stasis, dig shafts and tunnels, four strong arms, antennae 3,
blurry vision 1, mutation resistance 1, spit poison 1, weak 1, wild magic 1,
MP-powered wands
a: Dig, Shaft Self, Spit Poison, Trog's Hand, Brothers in Arms, Burn Spellbooks,
Renounce Religion


You were on level 1 of the Lair of Beasts.
You worshipped Trog.
Trog was extremely pleased with you.
You were not hungry.

You visited 2 branches of the dungeon, and saw 15 of its levels.
You also visited: Sewer and Ossuary.

You collected 653 gold pieces.
You spent 288 gold pieces at shops.

Inventory:

Hand Weapons
 a - a +0 war axe of venom
 q - a +0 battleaxe
 w - a cursed -1 blowgun {@w1}
Missiles
 m - 7 javelins of penetration (quivered)
 Q - 12 poisoned needles
 Z - a throwing net {!d, =f}
Armour
 g - a +0 pair of boots (worn)
 j - a +0 cloak (worn)
 n - a +2 ring mail of cold resistance (worn)
 v - a +0 plate armour
 G - a +2 buckler of reflection
 M - a +0 shield (worn)
Jewellery
 c - a ring of protection from cold (right hand)
 i - a +5 ring of evasion (left hand) {=R}
 y - an amulet of clarity (around neck)
Wands
 f - a wand of disintegration (7)
 o - a wand of frost (30)
 t - a wand of polymorph (15)
 C - a wand of confusion (37)
 O - a wand of confusion (17)
Scrolls
 d - 5 scrolls of recharging
 p - 2 scrolls of noise
 s - 3 scrolls of enchant weapon
 x - a scroll of fear
 E - a scroll of remove curse {@r2}
 F - 2 scrolls of vulnerability
 H - 2 scrolls of enchant armour
 I - 2 scrolls of summoning {unknown}
 P - a scroll of immolation
 R - a scroll of silence {unknown}
Potions
 b - 2 potions of might
 k - 2 potions of flight
 r - a potion of lignification
 u - a potion of cancellation
 A - 5 potions of curing {@q1}
 D - 4 potions of heal wounds {@q2, !q}
 J - a potion of agility
 N - 2 potions of invisibility
 S - a potion of resistance
Miscellaneous
 h - a box of beasts
Comestibles
 e - 8 bread rations {@e1}
 z - 5 meat rations {@e2}
 B - 4 chunks of flesh
 K - a beef jerky
 L - 7 slices of pizza


   Skills:
 + Level 9.4 Fighting
 * Level 11.8 Axes
 + Level 8.6 Armour
 + Level 7.3 Dodging
 + Level 9.4 Shields
 - Level 3.0 Evocations


You had 11 spell levels left.
You didn't know any spells.

Dungeon Overview and Level Annotations

Branches:
Dungeon (14/15)            Temple (0/1) D:7            Lair (1/8) D:9
    Orc (0/4) D:9
 Vaults: D:13-14

Altars:
Ashenzari
Dithmenos
Fedhas
Kikubaaqudgha
Nemelex Xobeh
Okawaru
Trog
Yredelemnul

Shops:
D:4 }   D:6 [   D:8 *   D:13 [


Innate Abilities, Weirdness & Mutations

You are under a permanent stasis effect.
You can dig through walls and to a lower floor.
Your four strong arms can wield two-handed weapons with a shield.
You have a pair of large antennae on your head (SInv).
Scrolls take you a little longer to read.
You are somewhat resistant to further mutation.
You can spit weak poison.
You are weak. (Str -2)
Your spells are a little harder to cast, but a little more powerful.
You expend magic power (3 MP) to strengthen your wands.


Message History

No target in view!
No target in view!
Unknown command.
Unknown command.
Eating one of 5 chunks of flesh.
This raw flesh tastes terrible.
You continue eating. x2
Key pressed, stopping explore.
You sense a monster nearby.
You regained 6 hp, and now have 88/96 hp.
S - a potion of resistance Marking area around the seven-headed hydra as unsafe for travelling.
A seven-headed hydra comes into view.
The seven-headed hydra roars!
You hear an angry hiss.
You hear a croak.
Unknown command.
Unknown command.
You extend your mandibles.
You dig through the rock wall.
You dig through the rock wall.
You dig through the rock wall.
Okay, then.
Fire/throw which item? (* to show all) (? for menu, Esc to quit)
Press: ? - help, Shift-Dir - straight line, f - seven-headed hydra
Aim: a seven-headed hydra You toss away a Fen Folio.
The Fen Folio completely misses the seven-headed hydra.
You block the seven-headed hydra's attack.
The seven-headed hydra misses you.
You block the seven-headed hydra's attack.
The seven-headed hydra bites you.
The seven-headed hydra completely misses you.
You block the seven-headed hydra's attack.
The seven-headed hydra closely misses you.
You take 4 damage, and have 88/96 hp.
Unknown command.
The spellbook bursts into flames.
Trog is delighted!
You feel slightly more hungry.
The seven-headed hydra is engulfed in roaring flames.
The seven-headed hydra barely misses you.
You block the seven-headed hydra's attack.
The seven-headed hydra bites you.
The seven-headed hydra barely misses you.
You block the seven-headed hydra's attack.
The seven-headed hydra closely misses you.
The seven-headed hydra misses you.
You take 5 damage, and have 83/96 hp.
Unknown command.
Wield which item (- for none, * to show all)? (? for menu, Esc to quit)
Okay, then.
Wield which item (- for none, * to show all)? (? for menu, Esc to quit)
Okay, then.
Unknown command.
Unknown command.
Wield which item (- for none, * to show all)? (? for menu, Esc to quit)
Your +0 war axe of venom stops dripping with poison.
You are now empty-handed.
You retract your mandibles.
Really attack barehanded? [Y]es or [N]o only, please.
Really attack barehanded? [Y]es or [N]o only, please.
Really attack barehanded? [Y]es or [N]o only, please.
Really attack barehanded? [Y]es or [N]o only, please.
Really attack barehanded? [Y]es or [N]o only, please.
Really attack barehanded?
You hit the seven-headed hydra.
The seven-headed hydra is lightly wounded.
The seven-headed hydra is engulfed in roaring flames.
The seven-headed hydra bites you! The seven-headed hydra misses you.
The seven-headed hydra completely misses you.
The seven-headed hydra bites you!
The seven-headed hydra bites you but does no damage.
You block the seven-headed hydra's attack.
The seven-headed hydra bites you but does no damage.
You take 22 damage, and have 61/96 hp.
O_OOPS!!
MASSIVE DAMAGE!!
You hit the seven-headed hydra.
The seven-headed hydra is moderately wounded.
The seven-headed hydra is engulfed in roaring flames.
The seven-headed hydra bites you!
You block the seven-headed hydra's attack.
The seven-headed hydra misses you. The seven-headed hydra bites you.
The seven-headed hydra bites you!
* * * LOW HITPOINT WARNING * * *
The seven-headed hydra bites you!
* * * LOW HITPOINT WARNING * * *
The seven-headed hydra bites you but does no damage.
You take 36 damage, and have 25/96 hp.
O_OOPS!!
MASSIVE DAMAGE!!
Are you sure you want to shaft yourself?
You feel somewhat more hungry.
The seven-headed hydra is engulfed in roaring flames.
The seven-headed hydra bites you!
* * * LOW HITPOINT WARNING * * *
The seven-headed hydra misses you. x2
You block the seven-headed hydra's attack. x2
The seven-headed hydra bites you.
* * * LOW HITPOINT WARNING * * *
The seven-headed hydra bites you!
You die... ███ █@██ ████████████ ██D█

███P█.█.█P██.███.██
...............D██
..█████P.███.█.██
..████████ █.███
......█ █.█ ...█..█
█.█


████ .█ ... You could see a seven-headed hydra.

Vanquished Creatures
  Erolcha (D:8)
  3 unseen horrors (D:10)
  3 hill giants
  2 cyclopes
  A black mamba (Lair:1)
  Maurice (D:10)
  A spiny frog (Lair:1)
  A centaur skeleton (D:10)
  A komodo dragon (D:10)
  2 trolls
  2 two-headed ogres (D:10)
  A trapdoor spider zombie (Ossuary)
  A human (D:7)
  A wyvern (D:10)
  4 yaks (D:11)
  A deep elf mage (D:10)
  3 hippogriffs
  2 hungry ghosts
  Menkaure (D:5)
  A necrophage (D:10)
  A water moccasin (D:9)
  2 orc warriors
  A black bear (D:10)
  5 sky beasts
  8 centaurs
  2 phantoms
  2 wasps
  2 ice beasts
  7 ogres
  A crocodile (Lair:1)
  A big kobold (D:13)
  A brain worm (D:11)
  A wyvern zombie (Ossuary)
  8 giant frogs
  4 scorpions
  A gnoll sergeant (D:7)
  9 killer bees
  3 wights (D:11)
  6 bog bodies (Ossuary)
  5 hounds
  4 crimson imps
  4 giant frog zombies
  3 centaur zombies (Ossuary)
  3 jellies
  3 iguanas
  3 giant frog skeletons
  2 orc priests
  10 orc wizards
  10 worker ants
  4 sheep (D:7)
  A killer bee zombie (Ossuary)
  A hound zombie (D:6)
  5 mummies (Ossuary)
  2 worker ant zombies
  7 gnolls
  11 adders
  2 river rats (D:5)
  2 white imps (D:8)
  4 shadow imps
  3 ufetubi (D:8)
  An ooze (D:5)
  An adder skeleton (D:6)
  10 giant geckos
  29 orcs
  5 ball pythons
  8 giant cockroaches
  4 goblins
  8 hobgoblins
  8 quokkas
  6 bats
  A giant cockroach zombie (D:5)
  2 giant gecko zombies
  9 giant newts
  A goblin zombie (D:7)
  8 jackals
  A jackal zombie (Ossuary)
  9 kobolds
  7 quokka zombies
  6 rats
311 creatures vanquished.

Vanquished Creatures (collateral kills)
  An ugly thing (D:11)
1 creature vanquished.

Vanquished Creatures (others)
  An unseen horror (D:10)
  A shadow imp (D:8)
  3 plants (Ossuary)
5 creatures vanquished.

Grand Total: 317 creatures vanquished

Notes
Turn   | Place    | Note
--------------------------------------------------------------
     0 | D:1      | Goblin1989 the Formicid Berserker began the quest for the Orb.
     0 | D:1      | Reached XP level 1. HP: 18/18 MP: 1/1
   300 | D:1      | Reached XP level 2. HP: 16/24 MP: 2/2
   787 | D:2      | Reached XP level 3. HP: 22/29 MP: 3/3
   916 | D:2      | Reached skill level 4 in Axes
   936 | D:2      | Reached ** piety under Trog
  1018 | D:2      | Found a shattered altar of Ashenzari.
  1548 | D:3      | Reached XP level 4. HP: 14/35 MP: 4/4
  1916 | D:3      | Reached skill level 1 in Shields
  1916 | D:3      | Reached XP level 5. HP: 19/42 MP: 5/5
  2571 | D:3      | iamserjio: два раза фейл слоуча на 17 мисскста
  2587 | D:3      | iamserjio: Im out
  2601 | D:3      | iamserjio: fuck you game
  2798 | D:3      | Reached XP level 6. HP: 42/48 MP: 6/6
  2936 | D:3      | Found a blossoming altar of Fedhas.
  2938 | D:3      | Goblin1989: мосмотри мой лог
  2938 | D:3      | Goblin1989: огр от мискликов умерший в дэпсах
  2938 | D:3      | Goblin1989: орк с томовой пушкой в пауках под берсерком
  2938 | D:3      | Goblin1989: тем кто его встретит не повезет
  2938 | D:3      | iamserjio: кек если бы миссклик=мисскаст in a row
  2977 | D:4      | Reached skill level 5 in Axes
  3158 | D:4      | iamserjio: вчера по сприггану 70 дмг дабл запом с 36 ев
  3158 | D:4      | iamserjio: как?
  3158 | D:4      | iamserjio: T_T
  3158 | D:4      | Goblin1989: я как-то спригганом вандот офлайн словил, 40 хп получил, а было 38
  3286 | D:4      | Reached XP level 7. HP: 43/55 MP: 7/7
  3586 | D:4      | Goblin1989: опаопаопа, кларити на д4!
  3588 | D:4      | Found Tufiar's Gadget Emporium.
  3618 | D:4      | Reached *** piety under Trog
  3619 | D:4      | iamserjio: фо же и так под кларити
  3674 | D:4      | Goblin1989: где?
  3674 | D:4      | Goblin1989: это некровервия
  3712 | D:4      | iamserjio: стазис не дает парализовать
  3712 | D:4      | Goblin1989: он со стазисом встроеныи идет
  3712 | D:4      | Goblin1989: дает
  3838 | D:4      | iamserjio: ??stasis
  3838 | D:4      | XtahuaRules: stasis[1/1]: Blocks teleport, blink, haste, slow, berserk, and paralysis. The amulet (removed in 0.18) will give you some (possibly yellow) {contam} and cancel the status if you put it on while hasted or slowed, or while waiting for teleport. Formicids have this as an intrinsic.
  3845 | D:4      | Goblin1989: ну значит кларити законфузить не даст
  3870 | D:5      | Entered Level 5 of the Dungeon
  3918 | D:5      | iamserjio: фо можно из под ddoor жать ревивификацию и не будет паралича
  3920 | D:5      | Found a glowing drain.
  3941 | Sewer    | Entered a sewer
  3946 | Sewer    | Goblin1989: да, но я берсерк
  3946 | Sewer    | iamserjio: rip
  3946 | Sewer    | Goblin1989: я сделал ставку на реген с мр, саммонов и горящие книжки
  4159 | Sewer    | iamserjio: на одном уровне был лобон и мнолег и они моего фо крутили под ddoor
  4160 | Sewer    | Goblin1989: из-за этого 10 рун?
  4214 | Sewer    | Gained mutation: You can spit weak poison. [potion of mutation]
  4214 | Sewer    | Gained mutation: Scrolls take you a little longer to read. [potion of mutation]
  4214 | Sewer    | Gained mutation: You are weak. (Str -2) [potion of mutation]
  4224 | Sewer    | Reached skill level 6 in Axes
  4227 | Sewer    | Reached skill level 5 in Fighting
  4227 | Sewer    | Reached XP level 8. HP: 58/62 MP: 8/8
  4235 | Sewer    | iamserjio: нет я не хотел 15- либо пын либо хеллы несколько игр делал
  4495 | D:5      | Found a shadowy altar of Dithmenos.
  4499 | D:5      | Found an ancient bone altar of Kikubaaqudgha.
  4508 | D:5      | Found an iron altar of Okawaru.
  4559 | D:5      | Found a shattered altar of Ashenzari.
  4751 | D:5      | Noticed Menkaure
  4767 | D:5      | Killed Menkaure
  5027 | D:6      | Gained mutation: You expend magic power (3 MP) to strengthen your wands. [potion of mutation]
  5027 | D:6      | Gained mutation: You are somewhat resistant to further mutation. [potion of mutation]
  5028 | D:6      | Gained mutation: Your spells are a little harder to cast, but a little more powerful. [potion of mutation]
  5048 | D:6      | Reached **** piety under Trog
  5162 | D:6      | Found Xuinioxt's Antique Armour Shoppe.
  5590 | D:7      | Reached skill level 7 in Axes
  5590 | D:7      | Reached XP level 9. HP: 59/69 MP: 9/9
  5602 | D:7      | Reached skill level 5 in Shields
  5710 | D:7      | Found a sand-covered staircase.
  5737 | Ossuary  | Entered an ossuary
  5750 | Ossuary  | Reached skill level 5 in Armour
  6546 | Ossuary  | Reached skill level 8 in Axes
  7340 | D:7      | Reached XP level 10. HP: 77/77 MP: 10/10
  7856 | D:7      | Found a bloodstained altar of Trog.
  7920 | D:7      | Found a staircase to the Ecumenical Temple.
  8420 | D:8      | Reached skill level 5 in Dodging
  8557 | D:8      | Found Buinwel's Bounteous Boutique.
  8624 | D:8      | Reached skill level 9 in Axes
  8646 | D:8      | Found a basalt altar of Yredelemnul.
  8785 | D:8      | Noticed Erolcha
  8805 | D:8      | Killed Erolcha
  9234 | D:9      | Reached XP level 11. HP: 85/85 MP: 11/11
  9283 | D:9      | Found a sparkling altar of Nemelex Xobeh.
  9355 | D:9      | Reached skill level 10 in Axes
  9362 | D:9      | Reached ***** piety under Trog
  9537 | D:9      | Found a staircase to the Lair.
  9568 | D:9      | Found a staircase to the Orcish Mines.
  9707 | D:10     | Entered Level 10 of the Dungeon
  9947 | D:10     | Noticed an unseen horror
  9947 | D:10     | Noticed a cyclops
  9947 | D:10     | Noticed an unseen horror
  9947 | D:10     | Noticed an unseen horror
  9950 | D:10     | Killed an unseen horror
  9955 | D:10     | Killed an unseen horror
  9955 | D:10     | Received a gift from Trog
  9967 | D:10     | Killed a cyclops
  9982 | D:10     | Killed an unseen horror
 10341 | D:10     | Noticed an unseen horror
 10454 | D:10     | Killed an unseen horror
 10958 | D:10     | Reached skill level 1 in Evocations
 10974 | D:10     | Noticed Maurice
 10986 | D:10     | Reached skill level 11 in Axes
 10990 | D:10     | Killed Maurice
 11261 | D:11     | Noticed a hill giant
 11272 | D:11     | Killed a hill giant
 11288 | D:11     | Reached XP level 12. HP: 58/94 MP: 13/13
 11679 | D:6      | Bought a pitted ring mail for 288 gold pieces
 11689 | D:6      | Identified the cursed +1 ring mail "Niyth" {Int+4} (You bought it in a shop on level 6 of the Dungeon)
 12167 | D:11     | Noticed a cyclops
 12182 | D:11     | Killed a cyclops
 12183 | D:11     | Found a blossoming altar of Fedhas.
 12421 | D:11     | Noticed a red ugly thing
 12444 | D:11     | Killed a red ugly thing
 12741 | D:11     | You fall through a shaft for 3 floors!
 12802 | D:13     | Found Diwny's Antique Armour Shop.
 12908 | D:11     | Noticed an eight-headed hydra
 13063 | Lair:1   | Entered Level 1 of the Lair of Beasts
 13303 | Lair:1   | Noticed a seven-headed hydra
 13317 | Lair:1   | Slain by a seven-headed hydra

Action                   |  1- 3 |  4- 6 |  7- 9 | 10-12 || total
-------------------------+-------+-------+-------+-------++-------
Melee: Hand axe          |    69 |       |       |       ||    69
       War axe           |    21 |   104 |   521 |   636 ||  1282
       Unarmed           |       |       |       |     2 ||     2
Invok: Trog's Hand       |     1 |     1 |     3 |     2 ||     7
       Burn Spellbooks   |       |       |     1 |     1 ||     2
       Brothers in Arms  |       |       |       |     1 ||     1
 Abil: Dig               |     3 |     1 |     7 |     5 ||    16
       Spit Poison       |       |       |     1 |       ||     1
       Shaft Self        |       |       |       |     1 ||     1
  Use: Potion            |       |       |     9 |     4 ||    13
       Scroll            |       |       |     5 |    15 ||    20
  Eat: Chunk             |     1 |     6 |     9 |    18 ||    34
       Beef jerky        |     1 |       |       |     2 ||     3
       Fruit             |       |       |     7 |       ||     7
       Meat ration       |       |       |     1 |       ||     1

Vault maps used:
D:1:      saegor_arrival_simple_d, serial_bayou_lake_a
D:2:      ashenzari_conservatory_becter
D:3:      nicolae_overflow_hidden_temple
D:4:      first_bread, serial_shops, shop, st_stairs_4, corexii_checkpoint_a
D:5:      minmay_overflow_temple_star_quad, portal_sewer_entry_b, st_stairs_11,
          ashenzari_altar_1, uniq_menkaure
D:6:      serial_shops, nicolae_shop_window_shopping
D:7:      minmay_temple_entry_enclosed_plants, enter_ossuary_4, grunt_livestock,
          grunt_ministairs_9, trog_book
D:8:      yredelemnul_altar_generic, serial_ice, serial_ice_j, serial_ice_m,
          serial_ice_e, serial_ice_c, nicolae_wwwww, nicolae_alphabet_shops,
          uniq_erolcha
D:9:      kennysheep_blocky_room, nemelex_deck, lair_0_dummy, orc_0_dummy
D:10:     wad_floor_pattern_untrapped, minmay_misc_feat_diagonals,
          minmay_joined_circles, uniq_maurice
D:11:     basic_altar
D:12:     serial_shops, shop, uniq_rupert
D:13:     david_vaults_4, serial_shops, shop, dk_noncrumbling_3, uniq_sonja
D:14:     serial_park_paths, uniq_josephine, uniq_kirke
Lair:1:   special_room
Sewer:    sewer_frog_island_01
Ossuary:  ossuary_zaba_flooded
